Map: Frozen Temple

Players

Elazer - Winner!

  • Race: Zerg Zerg
  • League: Master

Optimus

  • Race: Terran Terran

Event: DreamHack ZOWIE Open Valencia 2016

VOD

Have the link to the VOD?

Description

Time

  • Played on: July 14, 2016, 11:56 a.m.
  • Length: 13:12

All games in this series

Show
View Real Time Build Order
Export as new Build Order

Elazer Zerg - Winner!

Build Orders: Pool First 

Get SALT Encoding   

  12  0:00  Drone  
  13  0:12  Overlord  
  13  0:17  Drone  
  14  0:30  Drone  
  14  0:31  Drone  
  16  0:35  Drone  
  17  0:44  Spawning Pool  
  17  0:47  Drone  
  17  1:07  Hatchery  
  17  1:10  Drone  
  17  1:12  Extractor  
  17  1:18  Drone  
  17  1:19  Drone  
  18  1:30  Queen  
  18  1:32  Zergling x2  
  21  1:39  Drone  
  22  1:46  Roach Warren  
  21  1:52  Overlord  
  21  2:00  Drone  
  22  2:10  Queen  
  24  2:28  Roach x2  
  24  2:29  Roach  
  30  2:31  Roach  
  32  2:41  Overlord  
  32  2:42  Drone x3  
  35  2:51  Drone  
  36  2:59  Drone  
  36  3:01  Drone x2  
  36  3:02  Ravager  
  36  3:04  Drone  
  41  3:10  Overlord  
  41  3:14  Drone  
  41  3:18  Overlord  
  42  3:31  Ravager  
  42  3:32  Drone, Overlord  
  44  3:39  Drone  
  45  3:41  Drone  
  45  3:45  Ravager  
  45  3:46  Drone x2  
  45  3:47  Hatchery  
  48  3:51  Overlord  
  48  3:52  Drone  
  48  3:54  Drone  
  50  3:58  Drone x2  
  53  4:02  Drone  
  53  4:03  Drone  
  53  4:04  Ravager  
  53  4:05  Drone  
  53  4:07  Drone  
  53  4:09  Drone  
  58  4:14  Extractor  
  58  4:16  Extractor  
  56  4:17  Overlord  
  56  4:18  Drone  
  57  4:25  Drone x2  
  59  4:32  Drone  
  59  4:35  Drone x2  
  59  4:36  Drone  
  63  4:40  Lair  
  63  4:41  Drone  
  63  4:42  Drone  
  63  4:44  Queen  
  67  4:52  Drone, Overlord  
  68  4:53  Drone  
  68  4:58  Overlord  
  69  5:01  Queen  
  69  5:02  Extractor  
  69  5:03  Drone  
  71  5:08  Drone  
  71  5:09  Drone x2  
  71  5:11  Overlord  
  74  5:14  Roach  
  74  5:15  Roach x4  
  74  5:20  Overlord  
  83  5:22  Roach x2  
  83  5:28  Evolution Chamber, Overlord  
  86  5:31  Roach  
  86  5:34  Overlord  
  88  5:37  Overlord  
  88  5:40  Glial Reconstitution  
  88  5:45  Queen  
  88  5:47  Roach x3  
  96  5:51  Roach x2  
  96  5:55  Zerg Missile Weapons Level 1  
  100  6:00  Overlord x2  
  100  6:04  Roach  
  100  6:05  Roach x2  
  100  6:07  Overlord  
  106  6:15  Overlord  
  106  6:17  Overlord  
  106  6:18  Roach  
  106  6:19  Roach x2  
  112  6:28  Overlord  
  112  6:29  Drone x4  
  112  6:30  Drone  
  117  6:36  Roach x2  
  117  6:39  Overlord  
  121  6:41  Roach x3  
  121  6:43  Ravager x3  
  130  6:52  Roach x3  
  136  6:58  Overlord  
  136  7:01  Roach x6  
  148  7:11  Overlord  
  148  7:12  Tunneling Claws  
  148  7:13  Burrow  
  148  7:14  Drone x4  
  150  7:17  Extractor  
  150  7:22  Overlord  
  149  7:26  Drone  
  149  7:27  Extractor, Infestation Pit  
  149  7:28  Drone  
  149  7:30  Evolution Chamber  
  149  7:31  Drone x5  
  153  7:42  Drone x3  
  156  7:49  Overlord  
  156  7:51  Zerg Missile Weapons Level 2  
  156  7:57  Hatchery  
  156  7:58  Zerg Ground Armor Level 1  
  155  8:06  Overlord  
  155  8:08  Roach x7  
  155  8:10  Roach x20  
  169  8:15  Roach  
  169  8:16  Roach x3  
  177  8:23  Infestor x2  
  177  8:24  Overlord  
  181  8:38  Roach  
  181  8:39  Roach x7  
  197  8:42  Overlord  
  197  8:45  Infestor  
  197  8:46  Roach x18  
  199  8:54  Overlord  
  197  8:57  Overlord  
  185  9:16  Hive  
  185  9:17  Overlord  
  184  9:18  Drone x2  
  184  9:22  Ravager x5  
  190  9:25  Extractor  
  190  9:26  Extractor  
  190  9:30  Overlord  
  188  9:32  Drone x3  
  188  9:33  Drone x3  
  188  9:34  Spore Crawler  
  188  9:36  Spore Crawler  
  188  9:38  Spine Crawler  
  191  9:39  Ravager x3  
  191  9:41  Infestor  
  196  9:54  Roach x3  
  196  9:55  Zerg Ground Armor Level 2, Roach x4  
  196  9:56  Roach x5  
  196  9:57  Roach x2  
  196  10:06  Roach x2  
  200  10:09  Roach  
  200  10:10  Roach  
  200  10:12  Roach x2  
  188  10:28  Drone  
  188  10:30  Overseer, Zerg Melee Weapons Level 1, Ultralisk Cavern  
  172  10:36  Roach x12  
  172  10:42  Roach x5  
  182  10:44  Roach x6  
  194  10:50  Roach x12  
  194  10:58  Roach x3  
  200  11:18  Roach x4  
  200  11:19  Chitinous Plating  
  200  11:24  Roach x21  
  164  11:49  Ultralisk x4  
  164  11:50  Roach x8  
  183  11:54  Ultralisk  
  183  11:55  Ultralisk  
  183  11:57  Roach x5  
  188  12:04  Roach  
  188  12:05  Roach  
  188  12:06  Roach  
  179  12:15  Roach x2  
  179  12:16  Roach  
  179  12:17  Roach, Ultralisk x2  
  179  12:19  Hatchery  
  179  12:22  Zergling x10  
  195  12:23  Zergling x10  
  195  12:24  Roach x2  
  193  12:42  Zergling x2  
  193  12:43  Roach x4  
Show
View Real Time Build Order
Export as new Build Order

Optimus Terran 

Build Orders: Reaper Expand, Bio Tank 

Get SALT Encoding   

  12  0:00  SCV  
  13  0:12  SCV  
  14  0:17  Supply Depot  
  14  0:24  SCV  
  15  0:38  SCV  
  15  0:40  Barracks  
  16  0:43  Refinery  
  16  0:51  SCV  
  17  1:03  SCV  
  18  1:15  SCV  
  19  1:26  Reaper  
  19  1:27  Orbital Command  
  20  1:42  Command Center  
  20  1:53  Barracks  
  20  1:58  SCV  
  20  2:00  Barracks Reactor  
  21  2:07  Supply Depot  
  21  2:10  SCV  
  22  2:15  Refinery  
  22  2:22  SCV  
  23  2:34  SCV  
  23  2:36  Bunker  
  24  2:37  Marine x2  
  24  2:41  Barracks Tech Lab  
  25  2:48  SCV  
  26  2:55  Orbital Command  
  26  3:01  Marine x2  
  26  3:04  Marine  
  29  3:10  Stimpack  
  29  3:11  SCV  
  30  3:19  Marine x2  
  32  3:26  Factory  
  32  3:27  Marine  
  32  3:29  SCV  
  34  3:35  SCV  
  34  3:36  Marine  
  34  3:37  Marine  
  37  3:45  Marine, SCV  
  37  3:47  SCV  
  40  3:54  Marine  
  40  3:57  SCV  
  40  3:59  SCV  
  40  4:03  Supply Depot  
  40  4:04  Supply Depot  
  40  4:05  Marine  
  40  4:06  Marine  
  43  4:10  SCV  
  43  4:11  SCV  
  43  4:12  Marine  
  45  4:22  SCV  
  46  4:24  SCV  
  46  4:29  Starport  
  46  4:32  Factory Reactor  
  46  4:34  SCV  
  46  4:37  Marine x2  
  46  4:38  Marine  
  50  4:40  SCV  
  51  4:46  SCV  
  51  4:52  SCV  
  53  4:54  Supply Depot  
  53  4:55  Marine x2  
  53  4:58  SCV  
  56  5:04  SCV  
  57  5:10  SCV  
  57  5:11  Medivac  
  57  5:12  Medivac  
  62  5:16  SCV  
  62  5:17  Supply Depot  
  63  5:23  Factory Tech Lab  
  63  5:24  Marine x2, Command Center  
  63  5:25  Marine  
  63  5:27  SCV  
  67  5:30  SCV  
  68  5:36  Engineering Bay x2  
  68  5:39  SCV  
  68  5:42  SCV  
  70  5:43  Medivac x2  
  70  5:49  Supply Depot, Marine  
  75  5:50  Marine, Refinery  
  76  5:57  Supply Depot  
  76  6:00  SCV  
  76  6:02  Supply Depot  
  77  6:06  Terran Infantry Armor Level 1, Terran Infantry Weapons Level 1  
  77  6:07  Marine  
  77  6:10  Marine, Siege Tank  
  82  6:12  Supply Depot  
  82  6:16  SCV  
  83  6:19  Marine  
  83  6:24  Barracks  
  83  6:25  Marine  
  84  6:31  SCV  
  84  6:32  Barracks  
  86  6:34  Barracks  
  86  6:36  Supply Depot  
  86  6:37  Refinery  
  86  6:39  Combat Shields  
  86  6:44  Orbital Command  
  86  6:46  SCV x2  
  88  6:57  Armory  
  88  6:58  SCV x2  
  88  7:01  Marine x3  
  90  7:02  Siege Tank  
  96  7:10  Orbital Command  
  96  7:12  Barracks Reactor  
  96  7:14  SCV x2  
  93  7:16  Medivac x2  
  93  7:19  Marine x2  
  93  7:20  Barracks Reactor x2  
  99  7:25  Marine  
  99  7:26  SCV x2  
  102  7:36  Supply Depot, Marine  
  102  7:37  Marine, Siege Tank  
  102  7:38  SCV  
  102  7:43  Marine  
  109  7:49  SCV x2  
  109  7:51  Marine x2, Refinery  
  112  7:52  SCV, Refinery  
  112  7:54  Marine x2  
  115  8:01  Marine, SCV  
  115  8:02  Terran Infantry Weapons Level 2  
  115  8:03  Marine x4  
  115  8:04  Terran Infantry Armor Level 2  
  121  8:05  SCV x2  
  121  8:08  Marine  
  121  8:09  Marine  
  121  8:12  Marine x2  
  125  8:13  Supply Depot, SCV  
  125  8:17  SCV  
  125  8:18  SCV  
  125  8:19  Marine  
  129  8:21  Marine x3  
  129  8:23  Siege Tank  
  129  8:24  Missile Turret  
  129  8:25  SCV  
  136  8:29  SCV  
  136  8:30  SCV  
  136  8:32  Marine  
  135  8:34  Medivac x2  
  135  8:36  Marine x2, Missile Turret  
  135  8:37  Marine x3  
  144  8:42  SCV x2  
  144  8:44  Barracks x2  
  144  8:45  Marine x2  
  148  8:52  Supply Depot  
  148  8:54  Supply Depot x2  
  147  9:01  Marine, Marauder  
  149  9:08  Terran Vehicle Weapons Level 1  
  149  9:11  SCV  
  149  9:12  SCV  
  149  9:14  Marine  
  149  9:15  Marine x2  
  149  9:16  Siege Tank  
  155  9:19  Marine  
  155  9:20  Marine  
  155  9:21  Medivac  
  155  9:22  Medivac  
  155  9:23  Supply Depot  
  163  9:32  Marine x5  
  163  9:33  Marine  
  163  9:34  Marine x2  
  163  9:36  Marauder  
  171  9:40  Marine x2  
  173  9:46  Supply Depot  
  173  9:47  Supply Depot  
  173  9:48  Siege Tank  
  173  9:50  Marine x5  
  173  9:51  Marine x3  
  184  9:55  Medivac  
  184  9:56  Medivac  
  184  9:58  Marine  
  184  9:59  Marine  
  188  10:01  Marauder  
  175  10:08  Marine x5  
  175  10:09  Marine x3  
  183  10:20  Marine x2, Siege Tank  
  174  10:22  Marauder  
  174  10:25  Medivac  
  174  10:26  Marine, Medivac  
  174  10:28  Marine  
  180  10:34  Terran Infantry Weapons Level 3, Terran Infantry Armor Level 3  
  180  10:36  Marine x3  
  180  10:37  Marine x3  
  180  10:40  Marine x2  
  188  10:43  Marauder  
  188  10:49  SCV x3  
  193  10:51  Marine x2  
  193  10:54  Marine  
  195  10:58  Siege Tank  
  196  11:05  Marauder  
  196  11:16  Marine  
  171  11:19  Marine x2  
  171  11:21  Marine  
  170  11:26  Marauder  
  170  11:29  Marine x5  
  170  11:30  Siege Tank  
  168  11:41  Marine x5  
  168  11:47  Marine  
  161  11:48  Marauder  
  161  11:54  Marine x3  
  152  11:58  Marine  
  150  12:03  Siege Tank  
  152  12:08  Marine x2  
  152  12:09  Marine x2  
  152  12:10  Barracks Tech Lab x2  
  155  12:23  Marine, Marauder  
  155  12:24  Marine x3  
  155  12:28  Orbital Command  
  160  12:35  Siege Tank  
  145  12:54  Marine  

Tags
 
Add a new tag
Caveats
  • Supply blocks, unpowered buildings, or Contaminate may cause inaccurate times.
  • Supply counts are checked every 10 seconds.